| TOP OF THE 1ST |
|
Oakland Athletics batting - Pitching for Minnesota Twins : RHP Scott Shank
|
|
Pitching: RHP Scott Shank
|
|
|
Batting: RHB Muneo Kawachi
|
0-0: Called Strike 0-1: Ball 1-1: SOLO HOME RUN (Flyball, 7D, EV 96.2 MPH), Distance : 366 ft
|
|
Batting: RHB C.J. Beavers
|
0-0: Called Strike 0-1: Ball 1-1: Foul Ball, location: 2F 1-2: Ball 2-2: Ground out 5-3 (Groundball, 56, EV 85.6 MPH)
|
|
Batting: SHB Jerry Luckwell
|
0-0: Foul Ball, location: 2F 0-1: Ball 1-1: Foul Ball, location: 2F 1-2: DOUBLE (Line Drive, 89XD, EV 113.1 MPH)
|
|
Batting: LHB Sakae Kasahara
|
0-0: Ball 1-0: Foul Ball, location: 2F 1-1: Swinging Strike 1-2: Ball 2-2: Ball 3-2: Strikes out swinging
|
|
Batting: RHB Randy Shrewsbury
|
0-0: Called Strike 0-1: Called Strike 0-2: Ball 1-2: Strikes out looking
|
| Top of the 1st over - 1 run, 2 hits, 0 errors, 1 left on base; Oakland 1 - Minnesota 0 |
| BOTTOM OF THE 1ST |
|
Minnesota Twins batting - Pitching for Oakland Athletics : RHP Aaron Garard
|
|
Pitching: RHP Aaron Garard
|
|
|
Batting: RHB Greg Harman
|
0-0: Swinging Strike 0-1: Ball 1-1: Swinging Strike 1-2: Ball 2-2: Ball 3-2: Foul Ball, location: 2F 3-2: Strikes out swinging
|
|
Batting: LHB Per Meulengracht
|
0-0: Foul Ball, location: 2F 0-1: Foul Ball, location: 2F 0-2: Foul Ball, location: 2F 0-2: DOUBLE (Line Drive, 9LM, EV 95.0 MPH)
|
|
Batting: LHB Ricardo Batista
|
0-0: Ball 1-0: Called Strike 1-1: Ball 2-1: SINGLE (Groundball, P, EV 78.8 MPH) (infield hit) Per Meulengracht to third
|
|
Batting: RHB Miguel Gonzalez
|
0-0: Ball 1-0: Ball 2-0: Called Strike 2-1: Foul Ball, location: 2F 2-2: Foul Ball, location: 2F 2-2: Ball 3-2: Strikes out swinging
|
|
Batting: RHB Matt Dunn
|
0-0: Foul Ball, location: 2F 0-1: Ball 1-1: Foul Ball, location: 2F 1-2: Ball 2-2: Foul Ball, location: 2F 2-2: Ball 3-2: Strikes out swinging
|
| Bottom of the 1st over - 0 runs, 2 hits, 0 errors, 2 left on base; Oakland 1 - Minnesota 0 |
| TOP OF THE 2ND |
|
Oakland Athletics batting - Pitching for Minnesota Twins : RHP Scott Shank
|
|
Batting: SHB Quincy Bradford
|
0-0: Ball 1-0: Swinging Strike 1-1: Foul Ball, location: 2F 1-2: Foul Ball, location: 2F 1-2: Strikes out looking
|
|
Batting: LHB Tom Butterbaugh
|
0-0: Ball 1-0: Ball 2-0: Swinging Strike 2-1: Ball 3-1: Called Strike 3-2: Strikes out swinging
|
|
Batting: LHB R.J. O'Brien
|
0-0: Ball 1-0: Called Strike 1-1: Ball 2-1: Foul Ball, location: 2F 2-2: Ball 3-2: Base on Balls
|
|
Batting: RHB Garry Hash
|
0-0: Ball 1-0: Ground out 4-3 (Groundball, 34, EV 82.5 MPH)
|
| Top of the 2nd over - 0 runs, 0 hits, 0 errors, 1 left on base; Oakland 1 - Minnesota 0 |
| BOTTOM OF THE 2ND |
|
Minnesota Twins batting - Pitching for Oakland Athletics : RHP Aaron Garard
|
|
Batting: LHB Harris Vink
|
0-0: Foul Ball, location: 2F 0-1: Foul Ball, location: 2F 0-2: Ground out 4-3 (Groundball, 34, EV 89.4 MPH)
|
|
Batting: SHB Bran Stark
|
0-0: Ground out 6-3 (Groundball, 6, EV 96.2 MPH)
|
|
Batting: RHB Alex Sandoval
|
0-0: Ball 1-0: Called Strike 1-1: Ground out 6-3 (Groundball, 6, EV 84.4 MPH)
|
| Bottom of the 2nd over - 0 runs, 0 hits, 0 errors, 0 left on base; Oakland 1 - Minnesota 0 |
| TOP OF THE 3RD |
|
Oakland Athletics batting - Pitching for Minnesota Twins : RHP Scott Shank
|
|
Batting: RHB Muneo Kawachi
|
0-0: Ball 1-0: SINGLE (Line Drive, 7LS, EV 98.1 MPH)
|
|
Batting: RHB C.J. Beavers
|
0-0: Foul Ball, location: 2F 0-1: Foul Ball, location: 2F 0-2: Ball 1-2: Grounds into double play, 5-4-3 (Groundball, 5, EV 86.2 MPH)
|
|
Batting: SHB Jerry Luckwell
|
0-0: Ball 1-0: Ball 2-0: Called Strike 2-1: Foul Ball, location: 2F 2-2: Ball 3-2: Strikes out swinging
|
| Top of the 3rd over - 0 runs, 1 hit, 0 errors, 0 left on base; Oakland 1 - Minnesota 0 |
| BOTTOM OF THE 3RD |
|
Minnesota Twins batting - Pitching for Oakland Athletics : RHP Aaron Garard
|
|
Batting: RHB Cyril Husson
|
0-0: Called Strike 0-1: Bunted foul 0-2: Ball 1-2: Ground out 4-3 (Groundball, 34, EV 92.5 MPH)
|
|
Batting: RHB Greg Harman
|
0-0: SINGLE (Groundball, 6D, EV 98.1 MPH)
|
|
Batting: LHB Per Meulengracht
|
0-0: Ball 1-0: Foul Ball, location: 2F 1-1: Ball 2-1: Foul Ball, location: 2F 2-2: Fielders Choice at 2nd, 4-6 (Groundball, 4, EV 86.2 MPH)
|
|
Batting: LHB Ricardo Batista
|
0-0: Called Strike 0-1: Ground out U3 (Groundball, 3, EV 90.0 MPH)
|
| Bottom of the 3rd over - 0 runs, 1 hit, 0 errors, 1 left on base; Oakland 1 - Minnesota 0 |
| TOP OF THE 4TH |
|
Oakland Athletics batting - Pitching for Minnesota Twins : RHP Scott Shank
|
|
Batting: LHB Sakae Kasahara
|
0-0: Swinging Strike 0-1: Ball 1-1: Ball 2-1: Foul Ball, location: 2F 2-2: Strikes out swinging
|
|
Batting: RHB Randy Shrewsbury
|
0-0: Foul Ball, location: 2F 0-1: Called Strike 0-2: Ball 1-2: Ball 2-2: Ball 3-2: Ground out 6-3 (Groundball, 6MD, EV 86.9 MPH)
|
|
Batting: SHB Quincy Bradford
|
0-0: Foul Ball, location: 2F 0-1: Ball 1-1: Ball 2-1: Ball 3-1: Base on Balls
|
|
Batting: LHB Tom Butterbaugh
|
0-0: Foul Ball, location: 2F 0-1: Ball 1-1: Called Strike 1-2: Foul Ball, location: 2F 1-2: Strikes out looking
|
| Top of the 4th over - 0 runs, 0 hits, 0 errors, 1 left on base; Oakland 1 - Minnesota 0 |
| BOTTOM OF THE 4TH |
|
Minnesota Twins batting - Pitching for Oakland Athletics : RHP Aaron Garard
|
|
Batting: RHB Miguel Gonzalez
|
0-0: Ball 1-0: Swinging Strike 1-1: DOUBLE (Line Drive, 89M, EV 99.4 MPH)
|
|
Batting: RHB Matt Dunn
|
0-0: Ground out 1-3 (Groundball, 34S, EV 72.5 MPH) Miguel Gonzalez to third
|
|
Batting: LHB Harris Vink
|
0-0: Ball 1-0: Ground out U3 (Groundball, 3, EV 105.0 MPH)
|
|
Batting: SHB Bran Stark
|
Balk! Miguel Gonzalez scores 0-0: Ground out U3 (Groundball, 3, EV 84.4 MPH)
|
| Bottom of the 4th over - 1 run, 1 hit, 0 errors, 0 left on base; Oakland 1 - Minnesota 1 |
| TOP OF THE 5TH |
|
Oakland Athletics batting - Pitching for Minnesota Twins : RHP Scott Shank
|
|
Batting: LHB R.J. O'Brien
|
0-0: SINGLE (Groundball, 5D, EV 105.0 MPH)
|
|
Batting: RHB Garry Hash
|
0-0: Called Strike 0-1: Ball 1-1: Ball 2-1: Called Strike 2-2: Strikes out swinging
|
|
Batting: RHB Muneo Kawachi
|
0-0: Ball 1-0: DOUBLE (Line Drive, 9LS, EV 108.1 MPH) R.J. O'Brien to third Runner from 3rd tries for Home, SAFE, throw by RF to trailing runner, OUT at third! 9-3-5
|
|
Batting: RHB C.J. Beavers
|
0-0: Ball 1-0: Foul Ball, location: 2F 1-1: Foul Ball, location: 2F 1-2: Strikes out swinging
|
| Top of the 5th over - 1 run, 2 hits, 0 errors, 0 left on base; Oakland 2 - Minnesota 1 |
| BOTTOM OF THE 5TH |
|
Minnesota Twins batting - Pitching for Oakland Athletics : RHP Aaron Garard
|
|
Batting: RHB Alex Sandoval
|
0-0: Ball 1-0: Fly out, F9 (Flyball, 9S, EV 88.1 MPH)
|
|
Batting: RHB Cyril Husson
|
0-0: Ball 1-0: Called Strike 1-1: Called Strike 1-2: Ball 2-2: SINGLE (Groundball, 6M, EV 95.6 MPH) (infield hit)
|
|
Batting: RHB Greg Harman
|
0-0: SINGLE (Groundball, 56D, EV 110.0 MPH) Cyril Husson to second
|
|
Batting: LHB Per Meulengracht
|
0-0: Ball 1-0: Swinging Strike 1-1: Fly out, F6 (Line Drive, 5D, EV 69.4 MPH)
|
|
Batting: LHB Ricardo Batista
|
0-0: Fly out, F8 (Flyball, 8LS, EV 90.6 MPH)
|
| Bottom of the 5th over - 0 runs, 2 hits, 0 errors, 2 left on base; Oakland 2 - Minnesota 1 |
| TOP OF THE 6TH |
|
Oakland Athletics batting - Pitching for Minnesota Twins : RHP Scott Shank
|
|
Batting: SHB Jerry Luckwell
|
0-0: Ball 1-0: Ball 2-0: Ground out 6-3 (Groundball, 6, EV 85.0 MPH)
|
|
Batting: LHB Sakae Kasahara
|
0-0: Ball 1-0: Foul Ball, location: 2F 1-1: Ground out 6-3 (Groundball, 4, EV 93.8 MPH)
|
|
Batting: RHB Randy Shrewsbury
|
0-0: Called Strike 0-1: Foul Ball, location: 2F 0-2: Ball 1-2: Foul Ball, location: 2F 1-2: SINGLE (Line Drive, 56D, EV 96.2 MPH)
|
|
Batting: SHB Quincy Bradford
|
0-0: Swinging Strike 0-1: Foul Ball, location: 2F 0-2: Ball Randy Shrewsbury is caught stealing 2nd base 2-6
|
| Top of the 6th over - 0 runs, 1 hit, 0 errors, 0 left on base; Oakland 2 - Minnesota 1 |
| BOTTOM OF THE 6TH |
|
Minnesota Twins batting - Pitching for Oakland Athletics : RHP Aaron Garard
|
|
Batting: RHB Miguel Gonzalez
|
0-0: Ball 1-0: Called Strike 1-1: Ground out 6-3 (Groundball, 6M, EV 89.4 MPH)
|
|
Batting: RHB Matt Dunn
|
0-0: Ball 1-0: Ground out 5-3 (Groundball, 5S, EV 63.8 MPH)
|
|
Batting: LHB Harris Vink
|
0-0: Fly out, F4 (Popup, 4D, EV 55.0 MPH)
|
| Bottom of the 6th over - 0 runs, 0 hits, 0 errors, 0 left on base; Oakland 2 - Minnesota 1 |
| TOP OF THE 7TH |
|
Oakland Athletics batting - Pitching for Minnesota Twins : RHP Scott Shank
|
|
Pitching: RHP Gerbrand van de Bilt
|
|
|
Batting: SHB Quincy Bradford
|
0-0: Swinging Strike 0-1: Ball 1-1: Fly out, F3 (Line Drive, 3, EV 71.2 MPH)
|
|
Batting: LHB Tom Butterbaugh
|
0-0: Foul Ball, location: 2F 0-1: Foul Ball, location: 2F 0-2: Foul Ball, location: 2F 0-2: Ball 1-2: Strikes out swinging
|
|
Batting: LHB R.J. O'Brien
|
0-0: Called Strike 0-1: Foul Ball, location: 2F 0-2: Ball 1-2: Ball 2-2: Ground out 6-3 (Groundball, 6, EV 77.5 MPH)
|
| Top of the 7th over - 0 runs, 0 hits, 0 errors, 0 left on base; Oakland 2 - Minnesota 1 |
| BOTTOM OF THE 7TH |
|
Minnesota Twins batting - Pitching for Oakland Athletics : RHP Aaron Garard
|
|
Batting: SHB Bran Stark
|
0-0: Swinging Strike 0-1: Ground out U3 (Groundball, 3L, EV 83.1 MPH)
|
|
Batting: RHB Alex Sandoval
|
0-0: Fly out, F8 (Flyball, 8RM, EV 80.0 MPH)
|
|
Batting: RHB Cyril Husson
|
0-0: Called Strike 0-1: Swinging Strike 0-2: Foul Ball, location: 2F 0-2: Strikes out looking
|
| Bottom of the 7th over - 0 runs, 0 hits, 0 errors, 0 left on base; Oakland 2 - Minnesota 1 |
| TOP OF THE 8TH |
|
Oakland Athletics batting - Pitching for Minnesota Twins : RHP Gerbrand van de Bilt
|
|
Batting: RHB Garry Hash
|
0-0: Called Strike 0-1: Ball 1-1: Foul Ball, location: 2F 1-2: Fly out, F8 (Line Drive, 8RM, EV 103.8 MPH)
|
|
Batting: RHB Muneo Kawachi
|
0-0: Ball 1-0: Ball 2-0: Ball 3-0: Base on Balls
|
|
Batting: RHB C.J. Beavers
|
0-0: Fly out, F8 (Flyball, 8LXD, EV 106.2 MPH)
|
|
Batting: SHB Jerry Luckwell
|
0-0: Ball 1-0: Foul Ball, location: 2F 1-1: Ball 2-1: Swinging Strike 2-2: Foul Ball, location: 2F 2-2: 2-RUN HOME RUN (Flyball, 78XD, EV 106.9 MPH), Distance : 426 ft
|
|
Batting: LHB Sakae Kasahara
|
0-0: Ball 1-0: Swinging Strike 1-1: Ball 2-1: Foul Ball, location: 2F 2-2: Ball 3-2: Strikes out swinging
|
| Top of the 8th over - 2 runs, 1 hit, 0 errors, 0 left on base; Oakland 4 - Minnesota 1 |
| BOTTOM OF THE 8TH |
|
Minnesota Twins batting - Pitching for Oakland Athletics : RHP Aaron Garard
|
|
Batting: RHB Greg Harman
|
0-0: Called Strike 0-1: Called Strike 0-2: Strikes out looking
|
|
Batting: LHB Per Meulengracht
|
0-0: Ball 1-0: Foul Ball, location: 2F 1-1: Ball 2-1: Swinging Strike 2-2: DOUBLE (Line Drive, 89D, EV 98.8 MPH)
|
|
Batting: LHB Ricardo Batista
|
0-0: Ball 1-0: Ball 2-0: Foul Ball, location: 2F 2-1: Swinging Strike 2-2: Foul Ball, location: 2F 2-2: Foul Ball, location: 2F 2-2: Ball 3-2: Base on Balls
|
|
Batting: RHB Miguel Gonzalez
|
0-0: Called Strike 0-1: Called Strike 0-2: Ball 1-2: DOUBLE (Flyball, 8RXD, EV 89.4 MPH) Per Meulengracht scores Ricardo Batista to third
|
|
Pitching: RHP Joe Bradford
|
|
|
Batting: RHB Matt Dunn
|
0-0: Called Strike 0-1: Ball 1-1: Ball 2-1: 3-RUN HOME RUN (Flyball, 89XD, EV 96.9 MPH), Distance : 397 ft
|
|
Batting: LHB Harris Vink
|
0-0: Fly out, F9 (Flyball, 9D, EV 82.5 MPH)
|
|
Batting: SHB Bran Stark
|
0-0: Called Strike 0-1: Fly out, F5 (Popup, 5SF, EV 71.9 MPH)
|
| Bottom of the 8th over - 4 runs, 3 hits, 0 errors, 0 left on base; Oakland 4 - Minnesota 5 |
| TOP OF THE 9TH |
|
Oakland Athletics batting - Pitching for Minnesota Twins : RHP Gerbrand van de Bilt
|
|
Now in LF: Per Meulengracht
|
|
|
Now in CF: Ryan Flynn Jr.
|
|
|
Now in RF: Bran Stark
|
|
|
Batting: RHB Randy Shrewsbury
|
0-0: Ball 1-0: Called Strike 1-1: Ball 2-1: Fly out, F9 (Flyball, 89D, EV 101.9 MPH)
|
|
Batting: SHB Quincy Bradford
|
0-0: Ball 1-0: Called Strike 1-1: Ground out 6-3 (Groundball, 6, EV 101.2 MPH)
|
|
Batting: LHB Tom Butterbaugh
|
0-0: Ball 1-0: Called Strike 1-1: SINGLE (Line Drive, 78M, EV 91.9 MPH)
|
|
Batting: LHB R.J. O'Brien
|
0-0: Ball 1-0: Fly out, F9 (Flyball, 9D, EV 106.2 MPH)
|
| Top of the 9th over - 0 runs, 1 hit, 0 errors, 1 left on base; Oakland 4 - Minnesota 5 |
|